 Dungeon Crawl Stone Soup version 0.22-a0-307-g2b15929 (webtiles) character file.

22419 xccam the Cleaver (level 13, -9/101 HPs)
             Began as a Formicid Fighter on Apr 2, 2018.
             Was a High Priest of Cheibriados.
             Killed by divine providence
             ... invoked by an orc priest
             ... summoned by an orange crystal statue
              (14 damage)
             ... on level 7 of the Dungeon.
             The game lasted 00:33:05 (12294 turns).

xccam the Cleaver (Formicid Fighter)               Turns: 12294, Time: 00:33:06

Health: -9/101     AC: 22    Str: 38    XL:     13   Next: 27%
Magic:  0/19       EV: 12    Int: -63 (23)God:    Cheibriados [*****.]
Gold:   699        SH:  0    Dex: 25    Spells: 12/12 levels left

rFire    . . .     SeeInvis +   n - +0 broad axe
rCold    . . .     Gourm    .   c - +0 shield
rNeg     . . .     Faith    .   t - +0 plate armour
rPois    +         Spirit   .   (helmet unavailable)
rElec    .         Reflect  .   (no cloak)
rCorr    .         Harm     .   o - +1 pair of gloves
MR       +....                  k - +0 pair of boots
Stlth    ..........             u - amulet of regeneration
HPRegen  0.66/turn              q - +5 ring of protection
MPRegen  0.16/turn              z - ring of poison resistance

@: confused, slowed, lost intelligence, heavily drained, very slow
A: permanent stasis, dig shafts and tunnels, four strong arms, antennae 3
a: Dig, Shaft Self, Bend Time, Temporal Distortion, Slouch, Step From Time,
Renounce Religion


You were on level 7 of the Dungeon.
You worshipped Cheibriados.
Cheibriados was extremely pleased with you.
You were not hungry.

You visited 2 branches of the dungeon, and saw 13 of its levels.
You also visited: Ossuary and Ice Cave.

You collected 856 gold pieces.
You spent 157 gold pieces at shops.

Inventory:

Hand Weapons
 a - a +0 executioner's axe of freezing
 n - a +0 broad axe (weapon)
Armour
 c - a +0 shield (worn)
 k - a +0 pair of boots (worn)
 o - a +1 pair of gloves (worn)
 t - a +0 plate armour (worn)
Jewellery
 d - an uncursed ring of fire
 q - a +5 ring of protection (left hand)
 u - an amulet of regeneration (around neck)
 y - an uncursed ring of flight
 z - a ring of poison resistance (right hand)
 I - an uncursed ring of ice
Wands
 b - a wand of scattershot (1)
 g - a wand of flame (14)
 v - a wand of iceblast (7)
 C - a wand of disintegration (10)
Scrolls
 j - 5 scrolls of enchant armour
 p - a scroll of torment
 r - 3 scrolls of remove curse
 s - 4 scrolls of fear
 A - 3 scrolls of immolation
 G - 3 scrolls of magic mapping
 J - a scroll of fog
Potions
 m - 5 potions of flight
 H - 2 potions of lignification
Comestibles
 f - 19 rations


   Skills:
 - Level 9.5(7.3) Fighting
 + Level 12.4(10.1) Axes
 - Level 9.5(7.3) Armour
 - Level 7.3(5.3) Dodging
 - Level 9.3(7.2) Shields
 - Level 9.1(7.0) Invocations


You had 12 spell levels left.
You didn't know any spells.

Dungeon Overview and Level Annotations

Branches:
Dungeon (12/15)            Temple (1/1) D:4            Lair (0/6) D:9
    Orc (0/2) D:12

Altars:
Ashenzari
Cheibriados
Dithmenos
Elyvilon
Fedhas
Gozag
Hepliaklqana
Kikubaaqudgha
Makhleb
Nemelex Xobeh
Okawaru
Qazlal
Ru
Sif Muna
Trog
Uskayaw
Vehumet
Wu Jian
Xom
Yredelemnul
Zin
The Shining One
Beogh

Shops:
D:4 !   D:8 (   D:10 *[?

Annotations:
D:7 exclusions: 3 orange crystal statues and 1 more exclusion
D:8 2 transporters
D:9 exclusion: oklob plant


Innate Abilities, Weirdness & Mutations

You cannot be hasted, slowed, berserked, paralysed or teleported.
You can dig through walls and to a lower floor.
Your four strong arms can wield two-handed weapons with a shield.
You have a pair of large antennae on your head. (SInv)


Message History

The orange crystal statue fixes its piercing gaze on you.
You feel your power leaking away.
The orange crystal statue glitters.
You are more confused.
The wight closely misses you.
You bump into the stone wall.
The bullfrog closely misses you. The bullfrog barely misses you.
The orange crystal statue fixes its piercing gaze on you.
Something tries to feed on your intellect!
The wight hits you but does no damage.
The orange crystal statue fixes its piercing gaze on you.
You feel your power leaking away. The bullfrog closely misses you.
You hit the wight but do no damage.
The wight is severely damaged.
You miss the bullfrog.
The bullfrog hits you but does no damage.
The orc priest calls down the wrath of Beogh upon you.
Beogh smites you!
You die...

...##..................>.......##
..###...........................#
..# ###...............#.....^....
.)# ####...........##..........
..#####........#....####........#
...##.......####....# #.......##
....................# #.....###
######...#########..# ###..## #
###..##..#8..hzF@#..# #### ##
..#8..#..#.#..Z#z#.##### ##.
..'._....#.....Zo#.###.#### #..
..#8..#..'...[..Z'.##.....## ##.
###..##..#.......#.........# #.
#######..#.#...#.#.<.......# #.
#........#8.....8#.........## ##
##.......#########..........# #
##.........................## #


You could see 2 orange crystal statues, a bullfrog, a hound, 2 wights, an orc
priest, a bullfrog zombie, an adder skeleton and a bullfrog skeleton.

Vanquished Creatures
  The ghost of xccam the Cleaver, a journeyman FoFi of Cheibriados (D:12)
  Erica (D:10)
  The ghost of xccam the Cleaver, a journeyman FoFi of Cheibriados (D:9)
  A hydra (D:11)
  The ghost of anet the Thaumaturge, a journeyman GnWz of Ashenzari (D:10)
  A two-headed ogre (D:6)
  2 unseen horrors
  An orange crystal statue (D:7)
  The ghost of sankara the Insei, a novice OpTm of Makhleb (D:6)
  5 ugly things
  A wolf spider zombie (D:12)
  An elephant (D:9)
  Joseph (D:10)
  3 ice statues (IceCv)
  Psyche (D:10)
  A kobold demonologist (D:12)
  A hornet (D:12)
  A troll (D:12)
  The ghost of xccam the Chopper, an amateur FoFi (D:3)
  2 hippogriffs
  Sigmund (D:2)
  2 wyverns
  Eustachio (D:5)
  2 vampires (D:12)
  4 yaks (D:9)
  A steam dragon (D:9)
  2 hungry ghosts
  A water moccasin (D:10)
  A hornet zombie (D:5)
  17 ice beasts
  3 phantoms
  Purgy (D:3)
  3 sky beasts
  7 orc warriors
  An eye of draining (D:6)
  A black bear (D:9)
  A necrophage (D:7)
  4 ogres
  3 centaurs
  4 crocodiles
  5 bullfrogs
  2 gnoll sergeants (D:8)
  15 scorpions
  A wyvern skeleton (D:9)
  A water moccasin skeleton (D:8)
  5 killer bees (D:8)
  5 wights (D:9)
  5 crimson imps
  A human zombie (Ossuary)
  7 jellies
  6 centaur skeletons
  5 centaur zombies
  2 orc priests
  A hound (D:6)
  11 orc wizards
  5 bullfrog skeletons
  Ijyb (D:4)
  3 iguanas
  8 worker ants
  2 big kobold zombies (Ossuary)
  4 mummies
  2 worker ant zombies
  10 gnolls
  2 howler monkey skeletons
  10 adders
  2 scorpion zombies (Ossuary)
  3 shadow imps
  6 oozes
  2 adder skeletons (D:9)
  6 worms
  3 dart slugs (D:1)
  4 leopard geckos
  52 orcs
  A ball python (D:3)
  10 bats
  7 giant cockroaches
  8 goblins
  12 hobgoblins
  4 jackals (D:3)
  10 kobolds
  2 quokkas
  9 frilled lizards
  A giant cockroach zombie (D:6)
  5 gnoll zombies (Ossuary)
  2 goblin zombies
  4 hobgoblin zombies (Ossuary)
  A jackal skeleton (D:4)
  4 kobold zombies (Ossuary)
  3 orc zombies
  8 rats
376 creatures vanquished.

Vanquished Creatures (others)
  9 toadstools (D:9)
9 creatures vanquished.

Grand Total: 385 creatures vanquished

Notes
Turn   | Place    | Note
-------+----------+-------------------------------------------
     0 | D:1      | xccam the Formicid Fighter began the quest for the Orb.
     0 | D:1      | Reached XP level 1. HP: 18/18 MP: 1/1
    99 | D:1      | Reached XP level 2. HP: 20/24 MP: 2/2
   153 | D:1      | Reached skill level 3 in Axes
   184 | D:1      | Reached XP level 3. HP: 25/29 MP: 3/3
   609 | D:2      | Reached skill level 4 in Axes
   609 | D:2      | Reached XP level 4. HP: 32/35 MP: 4/4
   616 | D:2      | Noticed an ice beast
   625 | D:2      | Killed an ice beast
   625 | D:2      | Reached skill level 5 in Axes
   625 | D:2      | Reached XP level 5. HP: 26/41 MP: 5/5
   655 | D:2      | Noticed Sigmund
   664 | D:2      | Killed Sigmund
   664 | D:2      | Reached skill level 6 in Axes
   664 | D:2      | Reached XP level 6. HP: 30/47 MP: 6/6
   836 | D:2      | Found a white marble altar of Elyvilon.
  1186 | D:3      | Noticed xccam's ghost (amateur FoFi)
  1194 | D:3      | Killed xccam's ghost
  1194 | D:3      | Reached skill level 7 in Axes
  1194 | D:3      | Reached XP level 7. HP: 37/52 MP: 7/7
  1207 | D:3      | Noticed Purgy
  1217 | D:3      | Killed Purgy
  1217 | D:3      | Reached skill level 8 in Axes
  1570 | D:3      | Reached XP level 8. HP: 48/58 MP: 8/8
  2001 | D:4      | Found Riuxtiyr's Distillery.
  2009 | D:4      | Bought a potion of ambrosia for 88 gold pieces
  2009 | D:4      | Bought a potion of curing for 33 gold pieces
  2257 | D:4      | Reached skill level 9 in Axes
  2327 | D:4      | Noticed Ijyb
  2337 | D:4      | Killed Ijyb
  2484 | D:4      | Found a staircase to the Ecumenical Temple.
  2493 | Temple   | Entered the Ecumenical Temple
  2609 | Temple   | Became a worshipper of Cheibriados the Contemplative
  2846 | D:5      | Entered Level 5 of the Dungeon
  2967 | D:5      | Noticed Eustachio
  2977 | D:5      | Killed Eustachio
  2977 | D:5      | Reached skill level 10 in Axes
  3219 | D:5      | Reached skill level 5 in Shields
  3239 | D:5      | Reached XP level 9. HP: 51/64 MP: 9/9
  3443 | D:6      | Reached * piety under Cheibriados
  3737 | D:6      | Noticed sankara's ghost (novice OpTm)
  3748 | D:6      | Killed sankara's ghost
  3920 | D:6      | Reached skill level 1 in Invocations
  3922 | D:6      | Noticed a two-headed ogre
  3933 | D:6      | Killed a two-headed ogre
  3933 | D:6      | Reached XP level 10. HP: 43/73 MP: 9/12
  3944 | D:6      | Found an iron altar of Okawaru.
  4386 | D:6      | Reached skill level 5 in Armour
  4463 | D:7      | Reached skill level 5 in Fighting
  4576 | D:7      | Reached ** piety under Cheibriados
  4768 | D:7      | Found a runed door.
  4771 | D:7      | Noticed an orange crystal statue
  4772 | D:7      | Found the +10 large shield of Ignorance {rN+ Int-4}
  4951 | D:7      | Found a sand-covered staircase.
  4962 | Ossuary  | Entered an ossuary
  5144 | Ossuary  | Reached *** piety under Cheibriados
  5304 | D:7      | Found a runed door.
  5307 | D:7      | Found a deep blue altar of Sif Muna.
  5315 | D:7      | Reached skill level 5 in Invocations
  5656 | D:7      | Noticed an orange crystal statue
  5656 | D:7      | Noticed an orange crystal statue
  5656 | D:7      | Noticed an orange crystal statue
  5854 | D:8      | Reached **** piety under Cheibriados
  5882 | D:8      | Found the +5 robe of Night {Dark MR+ SInv}
  5945 | D:8      | Noticed a deep elf mage
  5946 | D:8      | Noticed an orc knight
  5948 | D:8      | Found a glowing golden altar of the Shining One.
  5950 | D:8      | Found a transporter.
  5958 | D:8      | Found a transporter.
  6359 | D:8      | Found Atephaci's Weapon Shoppe.
  6576 | D:9      | Noticed an elephant
  6579 | D:9      | Reached XP level 11. HP: 76/81 MP: 15/15
  6595 | D:9      | Killed an elephant
  6674 | D:9      | Reached ***** piety under Cheibriados
  6726 | D:9      | Noticed xccam's ghost (journeyman FoFi)
  6759 | D:9      | Killed xccam's ghost
  6759 | D:9      | Reached skill level 5 in Dodging
  6830 | D:9      | Found a staircase to the Lair.
  6901 | D:9      | Found a blossoming altar of Fedhas.
  6923 | D:9      | Noticed an oklob plant
  7495 | D:9      | Found a shadowy altar of Dithmenos.
  7495 | D:9      | Found a shimmering altar of Xom.
  7742 | D:10     | Entered Level 10 of the Dungeon
  7852 | D:10     | Noticed anet's ghost (journeyman GnWz)
  7874 | D:10     | Killed anet's ghost
  7946 | D:10     | Found Tuciolak's Magic Scroll Shop.
  7986 | D:10     | Noticed an unseen horror
  7992 | D:10     | Killed an unseen horror
  8096 | D:10     | Noticed Erica
  8117 | D:10     | Killed Erica
  8117 | D:10     | Reached XP level 12. HP: 67/94 MP: 17/17
  8208 | D:10     | Noticed Psyche
  8217 | D:10     | Killed Psyche
  8230 | D:10     | Found Ziffurud's Armour Boutique.
  8241 | D:10     | Found Majiv's General Store.
  8248 | D:10     | Bought a potion of curing for 36 gold pieces
  8395 | D:10     | Noticed Joseph
  8406 | D:10     | Killed Joseph
  9091 | D:11     | Noticed a four-headed hydra
  9099 | D:11     | Killed a four-headed hydra
  9502 | D:12     | Found a shimmering altar of Xom.
  9553 | D:12     | Found a frozen archway.
  9589 | D:12     | Noticed a sixfirhy
  9614 | D:12     | Noticed a soul eater
  9628 | IceCv    | Entered an ice cave
  9632 | IceCv    | Reached ****** piety under Cheibriados
 11181 | D:12     | Reached skill level 11 in Axes
 11256 | D:12     | Reached XP level 13. HP: 101/101 MP: 19/19
 11293 | D:12     | Noticed xccam's ghost (journeyman FoFi)
 11337 | D:12     | Killed xccam's ghost
 11468 | D:12     | Found a roughly hewn altar of Beogh.
 11471 | D:12     | Found a staircase to the Orcish Mines.
 11565 | D:12     | Reached skill level 12 in Axes
 12040 | D:7      | Lost intelligence.
 12073 | D:7      | Lost intelligence.
 12102 | D:7      | Paralysed by fainting for 10 turns
 12114 | D:7      | HP: 5/101 [leopard gecko[an orange crystal statue] (1)]
 12137 | D:7      | HP: 1/101 [centaur/arrow[an orange crystal statue] (8)]
 12143 | D:7      | HP: 1/101 [centaur[an orange crystal statue] (3)]
 12275 | D:7      | HP: 3/101 [orc priest/divine providence[an orange crystal statue] (10)]
 12292 | D:7      | HP: 4/101 [bullfrog[an orange crystal statue] (5)]
 12294 | D:7      | Killed from afar by an orc priest

Vault maps used:
D:1:      minmay_arrival_widening_spiral_wide
D:2:      lemuel_doored_altar, uniq_sigmund
D:3:      uniq_purgy
D:4:      minmay_temple_entry_statues_pillars, serial_shops, nicolae_shop_stone,
          first_ration, solitary_fountain, uniq_ijyb
D:5:      feat_on_display, uniq_eustachio
D:6:      nicolae_overflow_crystal_walls, kennysheep_generic_room_3
D:7:      led_sif_book, nicolae_ossuary_entry_giza,
          chequers_guarded_unrand_ignorance
D:8:      gammafunk_temple_overflow_arena, serial_shops, kennysheep_mini,
          hangedman_little_slice_of_home
D:9:      gammafunk_temple_overflow_statue, david_lair_generic, tgw_fedhas
D:10:     serial_shops, nicolae_shop_trees, nicolae_shop_stone, shop,
          kennysheep_nub, uniq_erica, uniq_psyche, uniq_joseph
D:11:     feat_on_display
D:12:     david_orc_5, portal_ice_cave_entry_ice_beasts, xom_teletrap_fun
Temple:   eino_temple_scatter_basement
Ossuary:  ossuary_minmay_scorpions
IceCv:    ice_cave_statue_garden_chambered

Skill      XL: |  1  2  3  4  5  6  7  8  9 10 11 12 13 |
---------------+----------------------------------------+-----
Axes           | 3 4 5 6 7 8 10 11 12 | 12.4
Shields        | 5 9 |  9.3
Invocations    | 3 5 7 9 |  9.1
Fighting       | 4 6 8 9 |  9.5
Armour         | 4 6 8 9 |  9.5
Dodging        | 2 4 6 7 |  7.3

Action                   |  1- 3 |  4- 6 |  7- 9 | 10-12 | 13-15 || total
-------------------------+-------+-------+-------+-------+-------++-------
Melee: War axe           |    99 |    86 |   323 |   875 |       ||  1383
       Broad axe         |       |       |       |   128 |   302 ||   430
Invok: Slouch            |       |       |       |       |     2 ||     2
Evoke: Wand              |       |       |       |    12 |     1 ||    13
  Use: Potion            |       |     1 |     3 |     7 |    20 ||    31
       Scroll            |       |       |     6 |    23 |     2 ||    31
  Eat: Chunk             |       |     1 |     9 |     6 |       ||    16
       Ration            |       |       |       |     3 |     3 ||     6
Armor: Scale mail        |    69 |    32 |   102 |   148 |       ||   351
       Plate armour      |       |       |       |   100 |   420 ||   520
       Skin              |       |       |       |       |    75 ||    75
Dodge: Dodged            |    31 |    25 |    91 |   354 |   664 ||  1165
Block: Shield            |    66 |    43 |   140 |   606 |   336 ||  1191

Table legend:
 A = Spawn XP
 B = Non-spawn XP
 C = Spawn XP percentage of total XP
 D = Spawn monster count
 E = Non-spawn monster count
 F = Spawn count percentage of total count
 G = Total turns spent on level
                    A         B        C        D         E        F      G
               +---------+---------+-------+---------+---------+-------+---------
         Total |       0 |   32028 |   0.0 |       0 |     376 |   0.0 | 12294
               +---------+---------+-------+---------+---------+-------+---------
           D:1 |       0 |      52 |   0.0 |       0 |      28 |   0.0 |   567
           D:2 |       0 |     423 |   0.0 |       0 |      25 |   0.0 |   619
           D:3 |       0 |     644 |   0.0 |       0 |      36 |   0.0 |   747
           D:4 |       0 |     290 |   0.0 |       0 |      13 |   0.0 |   783
           D:5 |       0 |     744 |   0.0 |       0 |      12 |   0.0 |   577
           D:6 |       0 |    2683 |   0.0 |       0 |      28 |   0.0 |  1011
           D:7 |       0 |    1211 |   0.0 |       0 |      12 |   0.0 |  1405
           D:8 |       0 |    1243 |   0.0 |       0 |      39 |   0.0 |   864
           D:9 |       0 |    4739 |   0.0 |       0 |      51 |   0.0 |  1257
          D:10 |       0 |    4612 |   0.0 |       0 |      17 |   0.0 |  1073
          D:11 |       0 |    2750 |   0.0 |       0 |      11 |   0.0 |   721
          D:12 |       0 |    8485 |   0.0 |       0 |      56 |   0.0 |   754
       Ossuary |       0 |    1057 |   0.0 |       0 |      37 |   0.0 |   315
         IceCv |       0 |    3095 |   0.0 |       0 |      11 |   0.0 |  1471
               +---------+---------+-------+---------+---------+-------+---------
